 Dungeon Crawl Stone Soup version 0.30-a0-634-g8abc85282e (webtiles) character file.

Game seed: 5733040068361550349

1240 mampy3000 the Ruffian (level 8, -2/78 HPs)
             Began as a Troll Berserker on Jan 14, 2023.
             Was a Priest of Trog.
             Slain by an iguana (9 damage)
             ... on level 5 of the Dungeon.
             The game lasted 00:08:59 (2891 turns).

mampy3000 the Ruffian (Troll Berserker)             Turns: 2891, Time: 00:08:59

Health: -2/78      AC: -8    Str: 32    XL:     8   Next: 25%
Magic:  7/7        EV: 11    Int:  3    God:    Trog [***...]
Gold:   262        SH:  0    Dex: 11    Spells: 7/7 levels left

rFire   + . .      SeeInvis .      - Unarmed
rCold   . . .      Faith    .    (no shield)
rNeg    . . .      Spirit   .    a - +0 animal skin
rPois   .          Reflect  .    (helmet restricted)
rElec   .          Harm     .    (no cloak)
rCorr   .          Rampage  .    (gloves unavailable)
Will    .....                    (boots unavailable)
Stlth   +                        (no amulet)
HPRegen 1.13/turn                h - +6 ring of strength
MPRegen 0.10/turn                l - ring of protection from fire

@: lethally poisoned (-2 -> -3), corroded, on berserk cooldown, slowed, very
slow
A: large, unfitting armour, claws 3, regeneration 1, shaggy fur 1, tough skin 1
a: Renounce Religion, Berserk, Trog's Hand


You were on level 5 of the Dungeon.
You worshipped Trog.
Trog was most pleased with you.
You visited 1 branch of the dungeon, and saw 5 of its levels.

You collected 262 gold pieces.

Inventory:

Missiles
 e - 5 poisoned darts (quivered)
 n - 5 silver boomerangs
 t - 5 javelins
Armour
 a - a +0 animal skin (worn)
 g - a +0 helmet
Jewellery
 h - a +6 ring of strength (left claw)
 l - a ring of protection from fire (right claw)
Wands
 b - a wand of digging (4)
 j - a wand of flame (18)
Scrolls
 i - a scroll of teleportation
 m - 3 scrolls of identify
 p - 3 scrolls of torment {unknown}
 r - a scroll of poison {unknown}
 s - a scroll of magic mapping {unknown}
Potions
 c - 3 potions of brilliance {unknown}
 d - a potion of resistance {unknown}
 f - a potion of might
 k - 5 potions of curing
 o - 2 potions of attraction {unknown}
 q - 2 potions of haste {unknown}


   Skills:
 + Level 4.0 Fighting
 + Level 3.6 Ranged Weapons
 + Level 4.5 Dodging
 + Level 0.8 Stealth
 + Level 6.0 Unarmed Combat


You had 7 spell levels left.
You didn't know any spells.
Your spell library was empty.

Dungeon Overview and Level Annotations

Branches:
Dungeon (5/15)
 Temple: D:4-7

Altars:
Gozag
Kikubaaqudgha
Qazlal

Shops:
D:1 ?

Portals:
Sewer: D:3


Innate Abilities, Weirdness & Mutations

You are too large for most types of armour.
You have claws for hands.
Your natural rate of healing is unusually fast.
You are covered in fur. (AC +1)
You have tough skin. (AC +1)


Message History

You are too injured to fight recklessly!
You are too injured to fight recklessly!
You mangle the jelly!!
You kill the jelly!
Trog accepts your kill.
You feel sick. The hound barely misses you. The adder bites you.
You are more poisoned.
The adder poisons you! The iguana bites you.
* * * LOW HITPOINT WARNING * * *
Your Unarmed Combat skill increases to level 6!
You feel sick. The hound barely misses you.
You claw the hound!
The hound is severely wounded.
The hound bites you.
* * * LOW HITPOINT WARNING * * *
The adder bites you.
* * * LOW HITPOINT WARNING * * *
You closely miss the hound. Your claw misses the hound.
The hound is severely wounded.
You feel sick. The hound barely misses you.
You claw the hound!
You kill the hound!
Trog accepts your kill. The adder bites you.
* * * LOW HITPOINT WARNING * * *
You are more poisoned.
The adder poisons you! The iguana bites you!
* * * LOW HITPOINT WARNING * * *
You claw the adder!
The adder is severely wounded.
You feel sick. The adder barely misses you. The iguana misses you.
You claw the adder!
You kill the adder!
Trog accepts your kill.
You feel sick.
You are too berserk!
You are no longer berserk.
You are exhausted.
You feel yourself slow down.
You feel sick. The iguana bites you!
You die...

#...#### ......#
#.###.# ## .#⌠#.
# ...
###?###.###
....#...??#...##
..###$....###...
..#⌠...<.$)⌠#.#
..###!.l@.###.#
...o#!....#...#
##o ###.### .##
oo#⌠#o #
##o###.. #.....#
.###### ##


You could see an iguana, an orc wizard and 4 orcs.

Vanquished Creatures
  Pikel (D:4)
  Sigmund (D:3)
  An ogre (D:5)
  Blork the orc (D:4)
  2 lemures (D:4)
  2 necrophages (D:4)
  3 hounds
  A jelly (D:5)
  Ijyb (D:3)
  An orc wizard (D:4)
  Robin (D:2)
  A gnoll (D:2)
  2 adders
  2 ufetubi
  2 worms
  A dart slug (D:1)
  5 orcs (D:4)
  11 ball pythons
  12 bats
  7 endoplasms
  4 giant cockroaches
  14 goblins
  10 hobgoblins
  6 jackals
  5 quokkas
  2 frilled lizards
  5 kobolds
  4 rats
108 creatures vanquished.

Vanquished Creatures (others)
  A human (D:3)
1 creature vanquished.

Grand Total: 109 creatures vanquished

Notes
Turn   | Place    | Note
-------+----------+-------------------------------------------
     0 | D:1      | mampy3000 the Troll Berserker began the quest for the Orb.
     0 | D:1      | Reached XP level 1. HP: 22/22 MP: 0/0
   189 | D:1      | Reached XP level 2. HP: 26/29 MP: 1/1
   588 | D:1      | Reached XP level 3. HP: 36/36 MP: 2/2
   623 | D:1      | Found Biohoxof's Magic Scroll Emporium.
   851 | D:1      | Reached ** piety under Trog
   989 | D:2      | Noticed Robin
   998 | D:2      | Killed Robin
  1048 | D:2      | Reached XP level 4. HP: 44/44 MP: 3/3
  1073 | D:2      | Reached skill level 4 in Unarmed Combat
  1313 | D:2      | Found a faded altar of an unknown god.
  1439 | D:3      | Noticed Sigmund
  1456 | D:3      | Killed Sigmund
  1457 | D:3      | Reached skill level 5 in Unarmed Combat
  1457 | D:3      | Reached XP level 5. HP: 53/53 MP: 4/4
  1536 | D:3      | Found an ancient bone altar of Kikubaaqudgha.
  1537 | D:3      | Noticed a human
  1541 | D:3      | Killed a human
  1562 | D:3      | Reached XP level 6. HP: 61/61 MP: 5/5
  1680 | D:3      | Reached *** piety under Trog
  1715 | D:3      | Identified the +7 sling "Kimiteib" {drain, rC+ rCorr Int+3}
  1739 | D:3      | Found a stormy altar of Qazlal.
  1819 | D:3      | Noticed Ijyb
  1832 | D:3      | Killed Ijyb
  1921 | D:3      | Found an opulent altar of Gozag.
  1960 | D:3      | Found a glowing drain.
  1967 | D:3      | You fall into a shaft and drop 1 floor!
  2239 | D:4      | Noticed Pikel
  2259 | D:4      | Killed Pikel
  2260 | D:4      | Reached XP level 7. HP: 8/67 MP: 6/6
  2677 | D:4      | Noticed Blork the orc
  2693 | D:4      | Killed Blork the orc
  2694 | D:4      | Reached XP level 8. HP: 78/78 MP: 7/7
  2876 | D:5      | Entered Level 5 of the Dungeon
  2885 | D:5      | Reached skill level 6 in Unarmed Combat
  2891 | D:5      | Slain by an iguana

Illustrated notes

Levels and vault maps discovered:
D:1:      reono_arrival_mine, layout_loops_corners, serial_shops, shop
D:2:      layout_rooms, hellmonk_ecumenical_altar_crossroads, minmay_domino_4,
          uniq_robin
D:3:      layout_basic, tgw_kikubaaqudgha, grunt_gozag_breadcrumbs,
          mainiacjoe_overflow_six_doors_small, serial_corexii_hall,
          chequers_hall_statues_wall_a, corexii_hall_statues_x,
          cheibrodos_sewer_entry_bend, st_stairs_2, uniq_sigmund, uniq_ijyb
D:4:      layout_loops_corners, reono_crystal_passage, uniq_blork_the_orc,
          uniq_pikel
D:5:      layout_loops_cross, minmay_temple_entry_offerings, kennysheep_diamond,
          nicolae_fountain_basement

Skill      XL: |  1  2  3  4  5  6  7  8 |
---------------+-------------------------+-----
Dodging        | 3 4 |  4.5
Unarmed Combat | 5 6 |  6.0
Fighting       | 3 4 |  4.0
Ranged Weapons | 2 3 |  3.6
Stealth        | |  0.8

Action                   |  1- 3 |  4- 6 |  7- 9 || total
-------------------------+-------+-------+-------++-------
Melee: Unarmed           |    88 |    94 |    58 ||   240
       Punch             |     2 |       |       ||     2
       Sling             |       |     1 |       ||     1
 Fire: Sling             |       |    49 |       ||    49
Invok: Berserk           |       |     2 |     2 ||     4
  Use: Scroll            |     2 |     4 |       ||     6
 Stab: Sleeping          |     1 |     1 |       ||     2
Armor: Animal skin       |    42 |    48 |     9 ||    99
Dodge: Dodged            |    49 |    75 |    22 ||   146

Table legend: (Time is in decaauts)
 A = Elapsed time spent in this place.
 B = Non-inter-level travel time spent in this place.
 C = Inter-level travel time spent in this place.
 D = Time resting spent in this place.
 E = Time spent auto-exploring this place.
 F = Levels seen in this place.
 G = Mean time per level.
                   A        B        C        D        E       F      G
               +--------+--------+--------+--------+--------+-----+--------+
         Total |   2908 |   2804 |    104 |      0 |   2129 |   5 |  581.6 |
       Dungeon |   2908 |   2804 |    104 |      0 |   2129 |   5 |  581.6 |
               +--------+--------+--------+--------+--------+-----+--------+

Top non-repeatable levels by time:
     D:4: 931 daAuts
     D:1: 901 daAuts
     D:3: 538 daAuts
     D:2: 528 daAuts
     D:5: 9 daAuts
